 Dungeon Crawl Stone Soup version 0.16-a0-670-g3b10be2 (webtiles) character file.

446246 Jakon the Blocker (level 24, 0/163 HPs)
             Began as a Gargoyle Fighter on Aug 15, 2014.
             Was a High Priest of Okawaru.
             Slain by an ettin
             ... wielding a +0 great mace
              (20 damage)
             ... on Level 5 of the Vaults on Oct 2, 2014.
             The game lasted 08:32:42 (80757 turns).

Jakon the Blocker (Gargoyle Fighter)               Turns: 80757, Time: 08:32:44

HP   0/163       AC 53     Str 25      XL: 24   Next: 20%
MP  48/48        EV  9     Int 15      God: Okawaru [*****.]
Gold 2499        SH  0     Dex 13      Spells:  0 memorised, 23 levels left

rFire  + + .     SeeInvis +     K - +7 demon whip "Ryzonuss" {venom, -Cast rF++}
rCold  + . .     Clarity  .     c - +6 chain mail of Reshruewk {Slay+4}
rNeg   + . .     rCorr    .     (no shield)
rPois  +         rRot     +     A - +2 helmet {Int+3}
rElec  +         Spirit   .     l - +2 cloak {+Inv}
SustAb .         Warding  .     R - +0 pair of gloves
rMut   .         Stasis   .     s - +2 pair of boots {run}
Gourm  +         NoCast   +     I - amulet of the gourmand
MR     +++++                    e - ring "Cri Khom" {rC+ MR++ MP+9}
                                f - ring "Geplenia" {-Cast MR++ SInv}

@: about to teleport, flying, drained, quick, almost entirely resistant to
hostile enchantments, extremely unstealthy
A: able to fly continuously, big wings, negative energy resistance 1, shaggy fur
1, electricity resistance, unbreathing, petrification resistance, rot immunity,
AC +17
a: Stop Flying, Heroism, Finesse, Renounce Religion, Evoke Invisibility
}: 2/15 runes: decaying, gossamer


You were on level 5 of the Vaults.
You worshipped Okawaru.
Okawaru was extremely pleased with you.
You were not hungry.

You visited 9 branches of the dungeon, and saw 47 of its levels.
You also visited: Ice Cave.

You collected 5749 gold pieces.
You spent 3250 gold pieces at shops.

Inventory:

Hand weapons
 K - the +7 demon whip "Ryzonuss" (weapon) {venom, -Cast rF++}
   (Okawaru gifted it to you on level 3 of the Vaults)

   It poisons the flesh of those it strikes.
   It greatly protects you from fire.
   It prevents spellcasting.
Missiles
 G - 4 javelins of returning (quivered)
Armour
 c - the +6 chain mail of Reshruewk (worn) {Slay+4}
   (Okawaru gifted it to you on level 1 of the Depths)

   It affects your accuracy and damage with ranged weapons and melee attacks
   (+4).
 l - a +2 cloak of darkness (worn)
 s - a +2 pair of boots of running (worn)
 y - the +4 shield of Minor Irritation {+Rage MR++}
   (Okawaru gifted it to you in an ice cave)

   It affects your resistance to hostile enchantments.
   It lets you go berserk.
 A - a +2 helmet of intelligence (worn)
 R - a +0 pair of gloves (worn)
Magical devices
 a - a wand of cold (0)
 h - a wand of teleportation (1)
 k - a wand of digging (15)
 r - a wand of fire (0)
 D - a wand of disintegration (8)
Comestibles
 Y - 12 bread rations
Scrolls
 b - 2 scrolls of fog
 d - a scroll of summoning
 g - a scroll of recharging
 p - a scroll of immolation
 u - 4 scrolls of teleportation
 E - a scroll of silence
Jewellery
 e - the ring "Cri Khom" (right hand) {rC+ MR++ MP+9}
   (You bought it in a shop on level 4 of the Orcish Mines)

   [ring of magical power]

   It protects you from cold.
   It affects your resistance to hostile enchantments.
   It affects your magic capacity (+9).
 f - the ring "Geplenia" (left hand) {-Cast MR++ SInv}
   (You found it on level 11 of the Dungeon)

   [ring of see invisible]

   It affects your resistance to hostile enchantments.
   It enhances your eyesight.
   It prevents spellcasting.
 I - an amulet of the gourmand (around neck)
Potions
 j - a potion of invisibility
 q - 8 potions of curing
 t - 3 potions of might
 L - 2 potions of resistance


   Skills:
 + Level 20.0(19.5) Fighting
 + Level 18.6(18.2) Maces & Flails
 + Level 20.2(19.7) Armour
 + Level 20.2(19.7) Shields
 + Level 17.2(16.8) Invocations


You had 23 spell levels left.
You didn't know any spells.

Dungeon Overview and Level Annotations

Branches:
Dungeon (15/15)            Temple (1/1) D:7             Orc (4/4) D:12
    Elf (2/3) Orc:4          Lair (8/8) D:10          Swamp (5/5) Lair:4
 Spider (5/5) Lair:6        Slime (0/6) Lair:6       Vaults (5/5) D:14
  Crypt (0/3) Vaults:3     Depths (2/5) D:15

Altars:
Ashenzari
Cheibriados
Dithmenos
Elyvilon
Fedhas
Gozag
Kikubaaqudgha
Makhleb
Nemelex Xobeh
Okawaru
Qazlal
Sif Muna
Trog
Vehumet
Xom
Yredelemnul
Zin
The Shining One
Jiyva

Shops:
D:4 %   D:9 (   D:10 *   D:11 *   D:13 %   D:14 *   Orc:2 (   Orc:4 [*=*
Elf:1 %   Vaults:2 :   Vaults:3 ::}   Vaults:5 %%

Portals:
Abyss: Depths:1


Innate Abilities, Weirdness & Mutations

You are resistant to torment.
You are immune to poison.
You can fly continuously.
Your stone body is very resilient (AC +17).
Your wings are large and strong.
You resist negative energy.
You are resistant to electric shocks.
You can survive without breathing.
You are immune to petrification.
You are immune to rotting.
You are covered in fur (AC +1).


Message History

The quicksilver dragon breathes energy at you.
The bolt of dispelling energy hits you!
You feel strangely stable.
Your magical effects are unravelling.
Evoke which item? (* to show all) (? for menu, Esc to quit)
Zapping:
h - a wand of teleportation {zapped: 1}
Press: ? - help, Shift-Dir - straight line, f - you, p - quicksilver dragon You feel strangely unstable.
You feel a little less agile now.
The quicksilver dragon bites you but does no damage.
The quicksilver dragon claws you but does no damage.
The ettin barely misses you. The ettin hits you but does no damage.
Drink which item? (? for menu, Esc to quit)
You feel better.
The quicksilver dragon barely misses you.
The quicksilver dragon claws you but does no damage.
The quicksilver dragon bites you but does no damage.
The quicksilver dragon claws you but does no damage.
The ettin hits you with a great mace!!
You die...

. ... ...####
...... #....
#...#####
#...#.∩@#
#...#eCD# .#
#...##'##..##+#
#..............
#..............
#...##'##..##+
#...#...#..#
#...#.∩.# .#
#...#...# #


You could see a quicksilver dragon, an ettin and a deep elf conjurer.

Vanquished Creatures
  Saint Roka (Vaults:4)
  Norris (Vaults:1)
  Mara (Swamp:3)
  Frederick (Vaults:2)
  Nikola (Vaults:2)
  Arachne (Spider:2)
  Asterion (Depths:1)
  A deep elf blademaster (Elf:2)
  6 sphinxes
  A storm dragon (D:15)
  2 liches (Depths:2)
  Agnes (Elf:1)
  Frances (D:14)
  Kirke (Elf:2)
  2 thorn hunters
  2 fire giants
  Wiglaf (Vaults:2)
  Maud (D:14)
  3 frost giants
  6 emperor scorpions
  5 ghost moths
  12 vault wardens
  Jorgrun (Depths:1)
  13 stone giants
  11 very ugly things
  2 deep elf annihilators (Vaults:4)
  3 dire elephants
  A white draconian (IceCv)
  3 deep elf death magi
  Snorg (D:13)
  3 ettins
  27 vault guards
  2 fire dragons
  Josephine (Spider:1)
  35 hydras
  12 ogre magi
  2 great orbs of eyes (Vaults:3)
  The ghost of Grim the Cleaver, a powerful MiBe of Trog (Lair:1)
  10 yaktaur captains
  A very ugly thing skeleton (D:15)
  Fannar (Elf:1)
  10 ironheart preservers
  A great orb of eyes (shapeshifter) (D:14)
  Harold (Orc:2)
  A ghost crab (Vaults:3)
  12 centaur warriors
  4 ice dragons
  Nessos (Elf:1)
  A rakshasa (Depths:1)
  2 shambling mangroves (Swamp:5)
  15 dancing weapons (Elf:2)
  4 deep troll shamans
  13 alligators
  2 vampire magi
  3 tengu warriors (Depths:1)
  18 death yaks
  A deep troll earth mage (Depths:2)
  2 catoblepae
  Nergalle (Orc:2)
  A fire crab (Vaults:2)
  5 iron trolls
  Erolcha (Orc:4)
  10 skeletal warriors
  5 shadow wraiths
  An unseen horror (D:9)
  12 deep elf knights
  12 swamp dragons
  A fire crab (shapeshifter) (Vaults:1)
  15 deep trolls
  A spriggan druid (Swamp:5)
  2 large abominations (Elf:1)
  20 orb spiders
  A very ugly thing zombie (D:15)
  2 swamp dragons (shapeshifter)
  3 deep elf summoners
  7 necromancers
  6 hill giants
  An ice statue (IceCv)
  A tengu zombie (Vaults:2)
  Pikel (D:9)
  An oklob plant (Orc:3)
  2 shining eyes (shapeshifter)
  11 manticores
  11 red wasps
  9 orc knights
  17 ironbrand convokers
  42 ugly things
  A red wasp (shapeshifter) (D:13)
  6 deep elf conjurers
  8 griffons
  3 orc sorcerers
  2 sixfirhies (Vaults:3)
  A manticore (shapeshifter) (Depths:1)
  2 harpies
  33 wolf spiders
  5 wizards
  3 black mambas
  2 phantasmal warriors
  11 elephants
  4 cyclopes
  A frost giant skeleton (Vaults:3)
  2 fauns (shapeshifter)
  A cyclops (shapeshifter) (Depths:1)
  3 moths of wrath
  A gargoyle (D:15)
  Joseph (D:9)
  2 guardian serpents (shapeshifter)
  An eye of devastation (shapeshifter) (D:15)
  A black mamba (shapeshifter) (Vaults:1)
  A smoke demon (Elf:1)
  7 torpor snails
  13 vault sentinels
  4 kobold demonologists
  A dire elephant skeleton (Depths:1)
  5 orange demons
  An emperor scorpion zombie (Depths:1)
  9 komodo dragons
  12 demonic crawlers
  A spectral glowing shapeshifter (Vaults:3)
  An efreet (D:14)
  14 deep elf priests
  63 yaktaurs
  22 spiny frogs
  A queen bee (Lair:1)
  3 giant leeches
  2 queen bees (shapeshifter)
  8 fire drakes
  2 hydra zombies
  A guardian mummy (D:15)
  32 two-headed ogres
  A jumping spider (shapeshifter) (Vaults:4)
  38 jumping spiders
  3 trolls
  8 freezing wraiths
  16 polar bears
  10 blink frogs
  6 bog bodies
  11 ravens
  16 slime creatures
  An ice dragon zombie (Depths:2)
  An ettin zombie (Vaults:3)
  10 baby alligators
  6 boulder beetles
  13 deep elf magi
  4 basilisks
  26 trapdoor spiders
  3 deep troll skeletons
  7 spriggans
  4 shadows
  A ynoxinul (Vaults:1)
  69 redbacks
  A griffon skeleton (D:14)
  The ghost of xsansara the Vexing, an average KoEn of Makhleb (D:4)
  3 human skeletons
  55 yaks
  A hill giant zombie (D:13)
  A trapdoor spider (shapeshifter) (Depths:2)
  An ettin skeleton (D:15)
  An alligator skeleton (Spider:1)
  2 ice dragon skeletons
  38 tarantellas
  3 water elementals
  5 wraiths
  8 wyverns (D:14)
  Eustachio (D:9)
  A redback simulacrum (Vaults:1)
  23 deep elf fighters
  14 hippogriffs
  2 hogs (Elf:2)
  2 humans (Elf:2)
  4 hungry ghosts
  3 mottled dragons
  22 water moccasins
  38 wolves
  5 wargs
  43 swamp worms
  8 porcupines
  23 spiders
  28 vampire mosquitoes
  3 sky beasts
  A spiny frog skeleton (Spider:1)
  A tarantella simulacrum (Spider:1)
  3 phantoms
  5 hell hounds
  30 orc warriors
  A slave (D:9)
  A deep troll simulacrum (Depths:1)
  13 iguanas
  4 black bears
  13 swamp drakes
  5 ice beasts
  A tengu (shapeshifter) (Depths:1)
  8 yellow wasps
  A centaur (shapeshifter) (Vaults:2)
  4 boggarts (D:15)
  A human simulacrum (Vaults:2)
  A blink frog skeleton (Spider:1)
  72 ogres
  22 centaurs
  7 big kobolds
  19 crocodiles
  29 giant frogs
  A spider zombie (Spider:1)
  A gnoll sergeant (D:10)
  14 insubstantial wisps (Swamp:2)
  An eye of draining (shapeshifter) (Vaults:3)
  14 scorpions
  16 jellies
  An elf simulacrum (Vaults:2)
  A troll zombie (D:9)
  2 eyes of draining (D:14)
  A scorpion (shapeshifter) (Vaults:4)
  35 killer bees
  10 wights
  2 vampire bats (D:12)
  6 electric eels
  An iron imp (Vaults:1)
  2 goliath beetles (D:7)
  9 hounds
  3 elf zombies
  A basilisk zombie (D:14)
  3 centaur zombies
  8 crimson imps
  A giant frog skeleton (D:12)
  20 orc priests
  A centaur skeleton (D:7)
  A black bear zombie (D:10)
  A giant frog zombie (D:5)
  A two-headed ogre zombie (Orc:4)
  3 quasits
  An orange rat (shapeshifter) (D:11)
  36 orc wizards
  An orange rat (Elf:1)
  10 worker ants
  A brain worm zombie (D:13)
  18 sheep
  A hound zombie (D:9)
  A mottled dragon skeleton (D:10)
  2 hound skeletons
  55 green rats
  25 adders
  8 gnolls
  2 giant mites
  2 orc skeletons
  12 white imps (Lair:5)
  A goliath beetle zombie (D:3)
  3 shadow imps
  3 worms
  An adder skeleton (D:8)
  7 giant geckos
  10 oozes
  157 orcs
  2 ball pythons
  26 bats
  A bat skeleton (D:7)
  A bat zombie (D:7)
  15 giant cockroaches
  20 hobgoblins
  12 jackals
  19 quokkas
  A giant gecko zombie (D:7)
  4 giant newts
  17 goblins
  A hobgoblin skeleton (D:8)
  35 kobolds
  21 rats
  3 rat skeletons
  5 spectral orcs (Orc:2)
  11 ballistomycetes
  5 fungi
  2 plants (Lair:6)
2326 creatures vanquished.

Vanquished Creatures (collateral kills)
  An ogre mage (Depths:1)
  A two-headed ogre (Depths:1)
2 creatures vanquished.

Vanquished Creatures (others)
  2 yaktaurs
  2 jumping spiders
  A merfolk (shapeshifter) (Vaults:5)
  A boulder beetle (Vaults:5)
  A deep elf mage (Elf:1)
  A human (Elf:2)
  A tarantella (Spider:4)
  A spider (Spider:3)
  A swamp drake (D:10)
  2 slaves (D:9)
  An orc warrior (Orc:2)
  2 lost souls (Vaults:1)
  An orc (Vaults:4)
  A hobgoblin (D:9)
  3 giant spores
  A briar patch (Swamp:2)
  10 fungi
  3 plants
35 creatures vanquished.

Grand Total: 2363 creatures vanquished

Notes
Turn   | Place    | Note
--------------------------------------------------------------
     0 | D:1      | Jakon, the Gargoyle Fighter, began the quest for the Orb.
     0 | D:1      | Reached XP level 1. HP: 14/14 MP: 1/1
    81 | D:1      | Reached XP level 2. HP: 17/19 MP: 2/2
   562 | D:1      | Reached XP level 3. HP: 23/23 MP: 3/3
  1306 | D:2      | Reached XP level 4. HP: 29/29 MP: 4/4
  1394 | D:2      | Found an opulent altar of Gozag.
  1403 | D:2      | Reached skill level 4 in Fighting
  1644 | D:2      | Found a white marble altar of Elyvilon.
  2141 | D:3      | Noticed an ogre
  2196 | D:3      | Reached XP level 5. HP: 33/33 MP: 5/5
  2221 | D:3      | Found a glowing silver altar of Zin.
  2422 | D:4      | Noticed xsansara's ghost (average KoEn)
  2425 | D:4      | Noticed a phantom
  2493 | D:3      | Found a shimmering altar of Xom.
  2812 | D:3      | Killed an ogre
  2812 | D:3      | Reached XP level 6. HP: 39/39 MP: 6/6
  3110 | D:3      | Reached skill level 5 in Fighting
  3635 | D:4      | Reached skill level 5 in Armour
  3635 | D:4      | Reached XP level 7. HP: 41/44 MP: 7/7
  3684 | D:4      | Killed xsansara's ghost
  3684 | D:4      | Reached skill level 5 in Shields
  3715 | D:4      | Found Etofuuha's Food Emporium.
  3992 | D:4      | Killed a phantom
  4387 | D:5      | Entered Level 5 of the Dungeon
  4472 | D:5      | Found a sparkling altar of Nemelex Xobeh.
  4847 | D:5      | Found a sand-covered staircase.
  4955 | D:5      | Reached XP level 8. HP: 51/51 MP: 8/8
  4987 | D:5      | Found a burning altar of Makhleb.
  4987 | D:5      | Noticed a cacodemon
  4991 | D:5      | Noticed a neqoxec
  4991 | D:5      | Noticed a smoke demon
  5058 | D:5      | Reached skill level 6 in Fighting
  5610 | D:6      | Found a blossoming altar of Fedhas.
  5682 | D:6      | Upgraded the game from 0.16-a0-148-g3b84123 to 0.16-a0-670-g3b10be2
  6232 | D:5      | Reached skill level 5 in Maces & Flails
  6638 | D:6      | Found a radiant altar of Vehumet.
  6687 | D:6      | Found a shattered altar of Ashenzari.
  8107 | D:7      | Reached skill level 7 in Fighting
  8127 | D:7      | Found a staircase to the Ecumenical Temple.
  8132 | D:7      | Reached XP level 9. HP: 53/57 MP: 9/9
  8181 | Temple   | Entered the Ecumenical Temple
  8341 | Temple   | Became a worshipper of Warmaster Okawaru
  8533 | D:7      | Found a snail-covered altar of Cheibriados.
  9899 | D:8      | Got a tattered robe
 11057 | D:8      | Reached skill level 8 in Fighting
 11344 | D:9      | Acquired Okawaru's first power
 11374 | D:9      | Noticed Joseph
 11431 | D:9      | Killed Joseph
 11431 | D:9      | Reached XP level 10. HP: 43/65 MP: 10/10
 11548 | D:9      | You fall through a shaft!
 11548 | D:10     | Entered Level 10 of the Dungeon
 12533 | D:9      | Found Miruph's Weapon Emporium.
 12717 | D:9      | Noticed Pikel
 12743 | D:9      | Killed Pikel
 12743 | D:9      | Reached skill level 9 in Fighting
 12885 | D:9      | Identified the +1 robe "Fouh" {+Rage} (You found it on level 8 of the Dungeon)
 13127 | D:9      | Noticed Eustachio
 13138 | D:9      | Killed Eustachio
 14006 | D:9      | Killed an unseen horror
 14277 | D:10     | Found Ulesmoh's General Store.
 14302 | D:10     | Reached XP level 11. HP: 70/72 MP: 11/11
 14316 | D:10     | Bought a bread ration for 70 gold pieces
 14316 | D:10     | Bought a scroll of teleportation for 42 gold pieces
 14316 | D:10     | Bought a slice of pizza for 21 gold pieces
 14316 | D:10     | Bought a meat ration for 70 gold pieces
 14316 | D:10     | Bought a potion of flight for 42 gold pieces
 14316 | D:10     | Bought a bread ration for 70 gold pieces
 14316 | D:10     | Bought 4 tomahawks of dispersal for 84 gold pieces
 14316 | D:10     | Bought a scroll of identify for 28 gold pieces
 14754 | D:10     | Found a staircase to the Lair.
 15200 | D:10     | Found a viscous altar of Jiyva.
 15200 | D:10     | Found a viscous altar of Jiyva.
 15432 | Lair:1   | Entered Level 1 of the Lair of Beasts
 15452 | Lair:1   | Reached skill level 10 in Fighting
 16299 | Lair:1   | Found a stormy altar of Qazlal.
 16456 | Lair:1   | Reached skill level 10 in Armour
 16533 | Lair:1   | Noticed Grim's ghost (powerful MiBe)
 16729 | D:10     | Reached skill level 10 in Shields
 16925 | D:11     | Found Pemo Be Sic's Assorted Antiques.
 17048 | D:11     | Bought a viscous black potion for 27 gold pieces
 17048 | D:11     | Bought a scroll labeled FAPPUN SAYNANU for 31 gold pieces
 17048 | D:11     | Bought a scroll of identify for 62 gold pieces
 17633 | D:11     | Received a gift from Okawaru
 18234 | D:11     | Noticed a quicksilver dragon
 18235 | D:11     | Noticed an acid blob
 18235 | D:11     | a quicksilver dragon changed into an acid blob
 18237 | D:11     | Noticed a shadow dragon
 18237 | D:11     | an acid blob changed into a shadow dragon
 18238 | D:11     | Noticed a frost giant
 18238 | D:11     | a shadow dragon changed into a frost giant
 18240 | D:11     | Noticed an iron troll
 18240 | D:11     | a frost giant changed into an iron troll
 18242 | D:11     | Noticed a shadow dragon
 18242 | D:11     | an iron troll changed into a shadow dragon
 18813 | Lair:1   | Killed Grim's ghost
 19007 | Lair:1   | Acquired Okawaru's second power
 19073 | Lair:1   | Reached XP level 12. HP: 71/79 MP: 12/12
 19364 | Lair:1   | Reached skill level 11 in Fighting
 19581 | Lair:1   | Got a shimmering whip
 19585 | Lair:1   | Identified the +8 whip of the Sky {drain, +Rage rC++} (You found it on level 1 of the Lair of Beasts)
 19899 | Lair:2   | Reached skill level 10 in Maces & Flails
 19953 | Lair:2   | Noticed a six-headed hydra
 19969 | Lair:2   | Killed a six-headed hydra
 19969 | Lair:2   | Received a gift from Okawaru
 20356 | Lair:2   | Noticed a six-headed hydra
 20368 | Lair:2   | Killed a six-headed hydra
 21250 | Lair:3   | Got a fine chain mail
 21306 | Lair:3   | Received a gift from Okawaru
 21540 | Lair:3   | Identified the +6 chain mail of Pnoedepn {+Fly} (You found it on level 3 of the Lair of Beasts)
 22193 | Lair:4   | Reached skill level 12 in Fighting
 22205 | Lair:4   | Found a staircase to the Swamp.
 22865 | Lair:4   | Reached XP level 13. HP: 77/86 MP: 13/13
 23437 | Lair:5   | Reached skill level 1 in Invocations
 23693 | Lair:5   | Found a frozen archway.
 23757 | IceCv    | Entered an ice cave
 24129 | IceCv    | Noticed a white draconian
 24573 | IceCv    | Received a gift from Okawaru
 24595 | IceCv    | Killed a white draconian
 24605 | IceCv    | Got a warped shield {god gift}
 24617 | IceCv    | Identified the +4 shield of Minor Irritation {+Rage MR++} (Okawaru gifted it to you in an ice cave)
 26125 | Lair:6   | Found a hole to the Spider Nest.
 26406 | Lair:6   | Found a staircase to the Slime Pits.
 26434 | Lair:6   | Found a glowing silver altar of Zin.
 26439 | Lair:6   | Reached skill level 13 in Armour
 26734 | Lair:6   | Reached skill level 5 in Invocations
 26734 | Lair:6   | Gained mutation: Your wings are large and strong. [gargoyle growth]
 26734 | Lair:6   | Reached XP level 14. HP: 77/92 MP: 22/22
 27333 | Lair:7   | Received a gift from Okawaru
 28333 | Lair:8   | Entered Level 8 of the Lair of Beasts
 29578 | Lair:8   | Received a gift from Okawaru
 30831 | Lair:8   | Received a gift from Okawaru
 31337 | Swamp:1  | Entered Level 1 of the Swamp
 31695 | Swamp:1  | Reached skill level 14 in Armour
 31735 | Swamp:1  | Reached XP level 15. HP: 83/100 MP: 26/26
 32579 | Swamp:2  | Noticed a thorn hunter
 33310 | Swamp:2  | Found a radiant altar of Vehumet.
 33347 | Swamp:2  | Received a gift from Okawaru
 33357 | Swamp:2  | Identified a +0 pair of boots of running (Okawaru gifted it to you on level 2 of the Swamp)
 33360 | Swamp:2  | Got a jewelled leather armour
 33374 | Swamp:2  | Identified the +1 leather armour of the Chupacabra {Str-1 Int+2} (You found it on level 2 of the Swamp)
 34694 | Swamp:3  | Noticed Mara
 34699 | Swamp:3  | Noticed Jakon's illusion
 34902 | Spider:1 | Entered Level 1 of the Spider Nest
 35261 | Spider:1 | Noticed Josephine
 35281 | Spider:1 | Killed Josephine
 36730 | D:11     | Got a flickering glass ring
 36733 | D:11     | Identified the Catalogue of the Rocks
 36736 | D:11     | Identified the ring "Geplenia" {-Cast MR++ SInv} (You found it on level 11 of the Dungeon)
 37178 | D:12     | Reached XP level 16. HP: 107/107 MP: 28/28
 37336 | D:12     | Received a gift from Okawaru
 37339 | D:12     | Got an ebony scimitar {god gift}
 37341 | D:12     | Identified the +1 scimitar "Poomp" {freeze, rPois Int+3 SInv} (Okawaru gifted it to you on level 12 of the Dungeon)
 37945 | D:12     | Found a staircase to the Orcish Mines.
 38465 | D:13     | Reached skill level 15 in Armour
 38562 | D:13     | Found Schokhlu Phiwn's Food Emporium.
 39026 | D:14     | Noticed Snorg
 39050 | D:13     | Killed Snorg
 39486 | D:14     | Noticed a storm dragon
 39486 | D:14     | a five-headed hydra changed into a storm dragon
 39495 | D:14     | a storm dragon changed into a hill giant
 39509 | D:14     | Noticed Frances
 39533 | D:14     | Killed Frances
 39537 | D:14     | Received a gift from Okawaru
 39570 | D:14     | Found a gate to the Vaults.
 39816 | D:14     | Reached skill level 15 in Shields
 39841 | D:14     | Noticed Maud
 39866 | D:14     | Killed Maud
 39938 | D:14     | Found Meadurin's General Store.
 39957 | D:14     | Bought a potion of magic for 82 gold pieces
 39957 | D:14     | Bought a potion of curing for 30 gold pieces
 39957 | D:14     | Bought a scroll of blinking for 112 gold pieces
 40062 | D:14     | Reached skill level 10 in Invocations
 40770 | D:15     | Entered Level 15 of the Dungeon
 40797 | D:15     | Reached skill level 15 in Fighting
 41482 | D:15     | Found a staircase to the Depths.
 43180 | Depths:1 | Entered Level 1 of the Depths
 43540 | Lair:1   | Gained mutation: You are covered in fur (AC +1). [potion of beneficial mutation]
 43558 | Lair:1   | Identified a scroll of acquirement
 43562 | Lair:1   | Got an encrusted bardiche
 43571 | Lair:1   | Identified the +11 bardiche "Koppeppaca" {chop, +Fly rC+} (You acquired it on level 1 of the Lair of Beasts)
 43765 | Orc:1    | Entered Level 1 of the Orcish Mines
 44474 | Orc:2    | Found Troco's Weapon Shoppe.
 44810 | Orc:2    | Noticed Harold
 44829 | Orc:2    | Killed Harold
 44829 | Orc:2    | Reached XP level 17. HP: 113/113 MP: 30/30
 44843 | Orc:2    | Noticed Nergalle
 44972 | Orc:2    | Received a gift from Okawaru
 44981 | Orc:2    | Got a shimmering bastard sword {god gift}
 44993 | Orc:2    | Identified the +5 bastard sword of Dullness {slice, -Tele +Fly Int+2} (Okawaru gifted it to you on level 2 of the Orcish Mines)
 45481 | Orc:2    | Killed Nergalle
 46593 | Orc:4    | Entered Level 4 of the Orcish Mines
 47314 | Orc:4    | Found Upnalali's Armour Emporium.
 47314 | Orc:4    | Found Pludanad's Assorted Antiques.
 47315 | Orc:4    | Found Claon's Jewellery Shop.
 47315 | Orc:4    | Found Joangyjo's General Store.
 47710 | Orc:4    | Bought a potion of resistance for 98 gold pieces
 47710 | Orc:4    | Bought a scroll of identify for 28 gold pieces
 47712 | Orc:4    | Bought a scroll of enchant armour for 262 gold pieces
 47712 | Orc:4    | Bought a scroll of identify for 70 gold pieces
 47712 | Orc:4    | Bought 2 potions of invisibility for 385 gold pieces
 47793 | Orc:4    | Found a staircase to the Elven Halls.
 48013 | Orc:4    | Noticed Erolcha
 48043 | Orc:4    | Killed Erolcha
 48378 | Elf:1    | Entered Level 1 of the Elven Halls
 48450 | Elf:1    | Noticed Fannar
 48474 | Elf:1    | Killed Fannar
 48589 | Elf:1    | Reached skill level 16 in Armour
 48610 | Elf:1    | Noticed Nessos
 48652 | Elf:1    | Killed Nessos
 48676 | Elf:1    | Identified the Volume of Evil
 48790 | Elf:1    | Found Ituydem's Food Shoppe.
 48820 | Elf:1    | Received a gift from Okawaru
 49043 | Elf:1    | Noticed Agnes
 49066 | Elf:1    | Killed Agnes
 49713 | Elf:2    | Noticed Kirke
 49739 | Elf:2    | Killed Kirke
 50096 | Elf:2    | Noticed a deep elf blademaster
 50116 | Elf:2    | Killed a deep elf blademaster
 50189 | Elf:2    | Reached skill level 15 in Maces & Flails
 50451 | Elf:2    | Received a gift from Okawaru
 51298 | Depths:1 | Reached XP level 18. HP: 120/120 MP: 32/32
 51393 | Depths:1 | Received a gift from Okawaru
 51396 | Depths:1 | Got an ancient chain mail {god gift}
 51408 | Depths:1 | Identified the +6 chain mail of Reshruewk {Slay+4} (Okawaru gifted it to you on level 1 of the Depths)
 51796 | Depths:1 | Noticed a sphinx
 51796 | Depths:1 | Noticed a sphinx
 51796 | Depths:1 | Noticed a sphinx
 51807 | Depths:1 | Killed a sphinx
 51814 | Depths:1 | Killed a sphinx
 51835 | Depths:1 | a sphinx (ally) was killed
 51846 | Depths:1 | Noticed Jorgrun
 52740 | Depths:1 | Found a one-way gate to the infinite horrors of the Abyss.
 52980 | Depths:1 | Noticed Asterion
 53001 | Depths:1 | Killed Asterion
 53003 | Depths:1 | Received a gift from Okawaru
 53047 | Depths:1 | Found a gateway to Hell.
 53317 | Depths:1 | Reached skill level 17 in Armour
 54671 | Depths:2 | Reached XP level 19. HP: 127/127 MP: 25/33
 54721 | Depths:2 | Received a gift from Okawaru
 56731 | Depths:2 | Noticed a lich
 56746 | Depths:2 | Killed a lich
 56812 | Depths:2 | Noticed a golden dragon
 57600 | Depths:1 | Killed Jorgrun
 58118 | Orc:4    | Bought a scroll of fog for 70 gold pieces
 58121 | Orc:4    | Bought the ring "Cri Khom" {rC+ MR++ MP+9} for 678 gold pieces
 58154 | Orc:4    | Bought a large brass ring for 175 gold pieces
 58495 | D:11     | Bought a glowing plate armour for 713 gold pieces
 58663 | Lair:1   | Noticed an eight-headed hydra
 58667 | Lair:1   | Killed an eight-headed hydra
 59244 | Spider:2 | Noticed Arachne
 59277 | Spider:2 | Killed Arachne
 59279 | Spider:2 | Received a gift from Okawaru
 60609 | Spider:3 | Reached XP level 20. HP: 117/134 MP: 34/34
 60864 | Spider:3 | Received a gift from Okawaru
 62134 | Spider:5 | Entered Level 5 of the Spider Nest
 62619 | Spider:5 | Reached skill level 18 in Armour
 63010 | Spider:5 | Received a gift from Okawaru
 63759 | Spider:5 | Got a gossamer rune of Zot
 64539 | Lair:1   | Reached XP level 21. HP: 141/141 MP: 35/35
 65439 | Swamp:2  | Killed a thorn hunter
 65811 | Swamp:3  | Killed Mara
 66979 | Swamp:4  | Found an iron altar of Okawaru.
 67297 | Swamp:5  | Entered Level 5 of the Swamp
 67594 | Swamp:5  | Received a gift from Okawaru
 68140 | Swamp:5  | Reached XP level 22. HP: 147/147 MP: 36/36
 68280 | Swamp:5  | Got a decaying rune of Zot
 69218 | Vaults:1 | Entered Level 1 of the Vaults
 69335 | Vaults:1 | Reached skill level 15 in Invocations
 69892 | Vaults:1 | Received a gift from Okawaru
 70842 | Vaults:1 | Reached skill level 19 in Armour
 71335 | Vaults:2 | Noticed Wiglaf
 71354 | Vaults:2 | Killed Wiglaf
 71466 | Vaults:2 | Noticed Frederick
 71472 | Vaults:2 | Noticed Nikola
 71486 | Vaults:2 | Killed Frederick
 71889 | Vaults:2 | Found Ohiott's Book Shoppe.
 71904 | Vaults:2 | Killed Nikola
 72815 | Vaults:2 | Received a gift from Okawaru
 73906 | Vaults:3 | Found Zousuh's Book Shop.
 74031 | Vaults:3 | Found Cuakibut's Book Emporium.
 74060 | Vaults:3 | Found Poargha's Gadget Boutique.
 74223 | Vaults:3 | Received a gift from Okawaru
 74269 | Vaults:3 | Got an iridescent demon whip {god gift}
 74272 | Vaults:3 | Identified the +7 demon whip "Ryzonuss" {venom, -Cast rF++} (Okawaru gifted it to you on level 3 of the Vaults)
 74485 | Vaults:3 | Reached XP level 23. HP: 155/155 MP: 38/38
 75196 | Vaults:3 | Found a staircase to the Crypt.
 76243 | Vaults:4 | Received a gift from Okawaru
 77907 | Vaults:4 | Noticed Saint Roka
 77953 | Vaults:4 | Killed Saint Roka
 78229 | Vaults:4 | Received a gift from Okawaru
 78235 | Vaults:4 | Got a dull robe {god gift}
 78247 | Vaults:4 | Identified the -4 robe of Oblivion {Dex+3 Int-1} (Okawaru gifted it to you on level 4 of the Vaults)
 79042 | Vaults:4 | Reached skill level 20 in Shields
 79510 | Vaults:1 | Noticed Norris
 79540 | Vaults:1 | Killed Norris
 80108 | Vaults:4 | Gained mutation: Your magical capacity is low (-10% MP). [a shining eye]
 80112 | Vaults:4 | Gained mutation: You tend to lose your temper in combat. [a shining eye]
 80116 | Vaults:4 | Gained mutation: You are dopey. (Int -2) [a shining eye]
 80381 | Lair:1   | Lost mutation: You are dopey. (Int -2) [potion of cure mutation]
 80381 | Lair:1   | Lost mutation: You tend to lose your temper in combat. [potion of cure mutation]
 80381 | Lair:1   | Lost mutation: Your magical capacity is low (-10% MP). [potion of cure mutation]
 80678 | Vaults:5 | Entered Level 5 of the Vaults
 80697 | Vaults:5 | Reached XP level 24. HP: 82/162 MP: 39/39
 80741 | Vaults:5 | Found Gaataum's Food Emporium.
 80744 | Vaults:5 | Found Pnal Aph's Food Shop.
 80757 | Vaults:5 | Slain by an ettin

Action                   |  1- 3 |  4- 6 |  7- 9 | 10-12 | 13-15 | 16-18 | 19-21 | 22-24 || total
-------------------------+-------+-------+-------+-------+-------+-------+-------+-------++-------
Melee: Flail             |   161 |   359 |   785 |       |       |       |       |       ||  1305
       Morningstar       |       |       |       |  1111 |       |       |       |       ||  1111
       Whip              |       |       |       |   422 |  2692 |  3306 |    96 |       ||  6516
       Demon whip        |       |       |       |       |       |       |  1795 |  2037 ||  3832
Throw: Tomahawk          |       |       |    39 |       |       |    10 |       |       ||    49
       Javelin           |       |       |       |       |       |     6 |    18 |       ||    24
Invok: Heroism           |       |       |       |     1 |     4 |    14 |     6 |     9 ||    34
       Finesse           |       |       |       |       |     3 |    14 |     5 |     9 ||    31
 Abil: Evoke Flight      |       |       |       |       |     3 |       |       |       ||     3
       Fly               |       |       |       |       |       |     1 |     1 |       ||     2
       Evoke Invisibilit |       |       |       |       |       |     1 |       |       ||     1
Evoke: Wand              |       |     2 |    32 |    37 |    17 |    91 |     6 |    15 ||   200
  Use: Potion            |       |     1 |       |     4 |    11 |     9 |     8 |    10 ||    43
       Scroll            |       |       |     9 |    20 |    12 |    24 |    20 |    21 ||   106
 Stab: Invisible         |       |       |       |       |     4 |     2 |     1 |       ||     7
       Fleeing           |       |       |       |       |     1 |       |       |       ||     1
       Petrified         |       |       |       |       |     2 |       |     1 |       ||     3
       Distracted        |       |       |       |       |     1 |       |       |       ||     1
       Paralysed         |       |       |       |       |       |    18 |       |       ||    18
  Eat: Chunk             |     2 |     8 |    12 |    41 |    42 |    33 |    26 |    26 ||   190
       Meat ration       |       |       |     1 |       |       |     4 |     1 |     1 ||     7
       Bread ration      |       |       |     2 |     2 |     1 |     2 |     1 |     1 ||     9
       Beef jerky        |       |       |       |       |     1 |     1 |     1 |     1 ||     4
       Fruit             |       |       |       |       |       |       |     5 |       ||     5
